 Dungeon Crawl Stone Soup version 0.19.5 (webtiles) character file.

61182 JeffiDaFish the Bludgeoner (level 15, 0/94 HPs)
             Began as a Gargoyle Fighter on Nov 7, 2017.
             Was the Champion of Okawaru.
             Slain by a death knight
             ... wielding a +1 halberd of flaming
              (3 damage)
             ... on level 13 of the Dungeon on Nov 8, 2017.
             The game lasted 00:51:18 (18594 turns).

JeffiDaFish the Bludgeoner (Gargoyle Fighter)      Turns: 18594, Time: 00:51:19

Health: 0/94       AC: 32    Str: 20    XL:     15   Next: 2%
Magic:  24/24      EV: 20    Int:  7    God:    Okawaru [******]
Gold:   1336       SH: 14    Dex: 16    Spells: 0 memorised, 14 levels left

rFire  + . .     SeeInvis .     I - +3 eveningstar (holy)
rCold  + + .     Gourm    .     x - +0 swamp dragon scales
rNeg   + + .     Faith    .     c - +0 shield
rPois  ∞         Spirit   .     l - +2 helmet
rElec  +         Reflect  .     e - +1 cloak
rCorr  .         Harm     .     a - +2 pair of gloves (curse)
MR     +++..     Rnd*Rage +     i - +1 pair of boots
Stlth  +++....... Rnd*Tele +    C - necklace of Bloodlust {*Rage +Rage MR+ Int-3 Slay+3 *Curse} (curse)
                                y - ring "Faary" {rC++ rN+ EV+4}
                                J - ring "Bam Yriewa" {MR+ MP+9 Dex+2}

@: studying Polearms
A: big wings, fire resistance 1, negative energy resistance 1, electricity
resistance, teleportitis 1, unbreathing, petrification resistance, rot immunity,
AC +11
a: Fly, Heroism, Finesse, Renounce Religion, Evoke Berserk Rage


You were on level 13 of the Dungeon.
You worshipped Okawaru.
Okawaru was exalted by your worship.
You were hungry.

You visited 3 branches of the dungeon, and saw 20 of its levels.
You also visited: Ossuary and Bailey.

You collected 1336 gold pieces.

Inventory:

Hand Weapons
 I - a +3 eveningstar of holy wrath (weapon)
Armour
 a - a cursed +2 pair of gloves (worn)
 c - a +0 shield (worn)
 e - a +1 cloak (worn)
 i - a +1 pair of boots (worn)
 l - a +2 helmet (worn)
 x - +0 swamp dragon scales (worn)
Jewellery
 y - the ring "Faary" (right hand) {rC++ rN+ EV+4}
   (You found it on level 7 of the Dungeon)

   [ring of evasion]

   It affects your evasion (+4).
   It greatly protects you from cold.
   It protects you from negative energy.
 B - an uncursed ring of protection from cold
 C - the cursed necklace of Bloodlust (around neck) {*Rage +Rage MR+ Int-3 Slay+3 *Curse}
   (You found it on level 10 of the Dungeon)

   [amulet of rage]

   It affects your intelligence (-3).
   It affects your accuracy and damage with ranged weapons and melee attacks
   (+3).
   It affects your resistance to hostile enchantments.
   It lets you go berserk.
   It may make you go berserk in combat.
   It may re-curse itself when equipped.
   It has a curse placed upon it.
 H - an uncursed ring of protection from fire
 J - the ring "Bam Yriewa" (left hand) {MR+ MP+9 Dex+2}
   (You took it off an orc warrior on level 11 of the Dungeon)

   [ring of magical power]

   It affects your dexterity (+2).
   It affects your resistance to hostile enchantments.
   It affects your magic capacity (+9).
Wands
 z - a wand of teleportation (3/9)
 D - a wand of teleportation (8/9)
Scrolls
 b - a scroll of fog
 g - 2 scrolls of recharging
 n - 7 scrolls of teleportation
 p - 24 scrolls of identify
 q - 2 scrolls of silence
 s - a scroll of magic mapping
 t - 3 scrolls of blinking
 u - 6 scrolls of remove curse
 w - 5 scrolls of amnesia
 G - 2 scrolls of fear
Potions
 d - 4 potions of might
 k - 6 potions of curing
 o - 2 potions of heal wounds
 r - 3 potions of berserk rage
 v - 3 potions of agility
 A - a potion of cancellation
Books
 E - a manual of Polearms
Comestibles
 f - 14 bread rations
 h - 39 fruits
 j - 11 beef jerkies
 m - 10 meat rations
 F - 6 royal jellies
 K - 8 chunks of flesh


   Skills:
 + Level 11.0 Fighting
 + Level 15.0 Maces & Flails
 + Level 8.5 Armour
 + Level 8.2 Dodging
 + Level 7.8 Stealth
 + Level 14.1 Shields
 + Level 0.5 Evocations


You had 14 spell levels left.
You didn't know any spells.

Dungeon Overview and Level Annotations

Branches:
Dungeon (13/15)            Temple (1/1) D:5            Lair (6/6) D:11
  Swamp (0/4) Lair:2       Spider (0/4) Lair:3        Slime (0/5) Lair:5
    Orc (0/2) D:11
 Vaults: D:13-14

Altars:
Ashenzari
Cheibriados
Dithmenos
Gozag
Hepliaklqana
Kikubaaqudgha
Nemelex Xobeh
Okawaru
Ru
Sif Muna
Trog
Uskayaw
Vehumet
Xom
Yredelemnul
Zin
The Shining One

Shops:
D:10 [   D:11 [

Annotations:
Lair:2 exclusion: oklob plant


Innate Abilities, Weirdness & Mutations

You are resistant to torment.
Your stone body is resilient. (AC +11)
You are immune to poison.
Your large and strong wings let you fly indefinitely.
You resist negative energy. (rN+)
You are resistant to electric shocks. (rElec)
You can survive without breathing.
You are immune to petrification.
You are immune to rotting.
Your flesh is heat resistant. (rF+)
You are occasionally teleported next to monsters.


Message History

The death knight is moderately wounded.
You puncture the death knight!
The death knight is heavily wounded.
The death knight offers itself to Yredelemnul, and fills with unholy energy.
You block the skeletal warrior's attack.
You impale the death knight!!
The death knight is severely wounded.
The death knight reflects your damage back at you!
* * * LOW HITPOINT WARNING * * *
The death knight mumbles some strange prayers to Yredelemnul against you.
You resist with almost no effort.
You sock the death knight!
The death knight is almost dead.
The death knight reflects your damage back at you!
* * * LOW HITPOINT WARNING * * *
The skeletal warrior hits you but does no damage.
The death knight hits you with a halberd of flaming!
* * * LOW HITPOINT WARNING * * *
The death knight burns you.
You die...

#+ #. #.# .z## #. $z#
##.####### #####p###
#........# #...@...#
#........# #^......#
#........####.......+
#.......)#..'.......#
#........#.##.......#
#..........###+######
#........### .
####.##### ###.
#....# #..


You could see a death knight and a skeletal warrior.

Vanquished Creatures
  Nessos (Lair:6)
  A dire elephant (Lair:6)
  Snorg (Lair:6)
  Erolcha (D:10)
  A catoblepas (Lair:6)
  9 hydras
  12 death yaks (Lair:6)
  A deep troll shaman (Lair:6)
  A skeletal warrior (D:13)
  The ghost of JeffiDaFish the Slasher, a novice DsWn (D:9)
  2 unseen horrors
  A swamp dragon (Lair:2)
  Pikel (D:7)
  5 hill giants
  4 slime creatures (D:12)
  A manticore (D:12)
  4 ugly things
  2 black mambas
  5 elephants (Lair:6)
  Psyche (D:8)
  2 gargoyles (D:12)
  A spiny frog (shapeshifter) (D:11)
  8 spiny frogs
  4 komodo dragons
  A torpor snail (Lair:6)
  A freezing wraith (D:13)
  A queen bee (D:12)
  3 meliai (D:12)
  3 polar bears (Lair:2)
  2 hornets
  21 blink frogs
  A two-headed ogre (D:9)
  A meliai zombie (D:12)
  8 hippogriffs
  7 dream sheep (Lair:6)
  4 basilisks
  2 vampires
  A wyvern (D:11)
  A hungry ghost (D:9)
  A steam dragon (D:9)
  19 yaks
  Menkaure (D:7)
  A mottled dragon (D:11)
  2 floating eyes (D:9)
  8 porcupines
  14 water moccasins
  A hornet zombie (D:10)
  8 orc warriors
  7 sky beasts
  2 black bears (Lair:6)
  An eye of draining (D:9)
  2 ice beasts
  3 phantoms
  2 necrophages
  8 wolves
  5 ogres
  15 centaurs
  13 crocodiles
  3 big kobolds
  15 bullfrogs
  2 gnoll sergeants
  A wyvern skeleton (D:11)
  15 scorpions
  29 killer bees
  An electric eel (Lair:3)
  6 crimson imps
  3 centaur skeletons
  6 orc priests
  4 bullfrog skeletons
  A centaur zombie (Ossuary)
  3 hounds
  A human zombie (Ossuary)
  17 jellies
  A gnoll shaman (D:5)
  Jessica (D:3)
  7 iguanas
  12 orc wizards
  3 worker ants
  Ijyb (D:2)
  2 killer bee zombies
  2 big kobold zombies (Ossuary)
  3 mummies (Ossuary)
  Robin (D:2)
  A worker ant zombie (D:6)
  11 gnolls
  2 scorpion zombies (Ossuary)
  10 adders
  5 shadow imps
  An ooze (D:6)
  3 adder skeletons
  5 worms
  A dart slug (D:3)
  7 leopard geckos
  54 orcs
  8 giant cockroaches
  A gnoll zombie (Ossuary)
  18 goblins
  13 hobgoblins
  10 jackals
  12 kobolds
  6 quokkas
  A ball python (D:7)
  7 bats
  4 frilled lizards
  A goblin zombie (Ossuary)
  2 hobgoblin zombies (Ossuary)
  2 kobold zombies (Ossuary)
  A leopard gecko zombie (D:5)
  2 orc zombies (Ossuary)
  3 quokka zombies
  8 rats
579 creatures vanquished.

Vanquished Creatures (others)
  4 jackals
  A frilled lizard (Lair:2)
  A bush (Lair:6)
  15 fungi
  16 plants
37 creatures vanquished.

Grand Total: 616 creatures vanquished

Notes
Turn   | Place    | Note
-------+----------+-------------------------------------------
     0 | D:1      | JeffiDaFish the Gargoyle Fighter began the quest for the Orb.
     0 | D:1      | Reached XP level 1. HP: 14/14 MP: 1/1
   288 | D:1      | Reached XP level 2. HP: 19/19 MP: 2/2
   573 | D:2      | Reached XP level 3. HP: 23/24 MP: 3/3
   583 | D:2      | Noticed Robin
   645 | D:2      | Killed Robin
   714 | D:2      | Reached XP level 4. HP: 29/29 MP: 4/4
   995 | D:2      | Reached skill level 3 in Maces & Flails
  1068 | D:2      | Noticed Ijyb
  1078 | D:2      | Killed Ijyb
  1358 | D:3      | Reached XP level 5. HP: 32/33 MP: 5/5
  1726 | D:3      | Noticed Jessica
  1729 | D:3      | Killed Jessica
  1912 | D:4      | Found a sand-covered staircase.
  1917 | Ossuary  | Entered an ossuary
  1945 | Ossuary  | Reached skill level 1 in Dodging
  1950 | Ossuary  | Reached skill level 4 in Maces & Flails
  1950 | Ossuary  | Reached XP level 6. HP: 24/38 MP: 6/6
  2399 | Ossuary  | Reached skill level 5 in Maces & Flails
  2423 | Ossuary  | Reached XP level 7. HP: 36/44 MP: 7/7
  2776 | Ossuary  | Gained mutation: You are occasionally teleported next to monsters. [potion of mutation]
  2776 | Ossuary  | Gained mutation: Your flesh is heat resistant. (rF+) [potion of mutation]
  2776 | Ossuary  | Gained mutation: Your large and strong wings let you fly indefinitely. [potion of mutation]
  2801 | Ossuary  | Reached skill level 5 in Fighting
  2803 | Ossuary  | Reached skill level 6 in Maces & Flails
  3076 | D:4      | Reached skill level 5 in Shields
  3243 | D:4      | Reached XP level 8. HP: 41/49 MP: 8/8
  3626 | D:5      | Entered Level 5 of the Dungeon
  3987 | D:5      | Reached skill level 5 in Armour
  4217 | D:5      | Reached skill level 7 in Maces & Flails
  4555 | D:5      | Reached skill level 1 in Stealth
  4586 | D:5      | Found a staircase to the Ecumenical Temple.
  4672 | D:5      | Reached XP level 9. HP: 53/54 MP: 9/9
  5256 | D:6      | Reached skill level 8 in Maces & Flails
  5638 | D:7      | Noticed Menkaure
  5970 | D:7      | Killed Menkaure
  6368 | D:7      | Got a glittering ivory ring
  6370 | D:7      | Identified the ring "Faary" {rC++ rN+ EV+4} (You found it on level 7 of the Dungeon)
  6537 | D:7      | Reached skill level 9 in Maces & Flails
  6537 | D:7      | Reached XP level 10. HP: 61/61 MP: 10/10
  6563 | D:7      | Noticed Pikel
  6572 | D:7      | Killed Pikel
  7232 | D:8      | Noticed Psyche
  7246 | D:8      | Killed Psyche
  7901 | D:9      | Reached skill level 10 in Maces & Flails
  8034 | D:9      | Noticed JeffiDaFish's ghost (novice DsWn)
  8055 | D:9      | Killed JeffiDaFish's ghost
  8055 | D:9      | Reached XP level 11. HP: 62/67 MP: 11/11
  8332 | D:9      | Paralysed by a floating eye for 4 turns
  8338 | D:9      | Paralysed by a floating eye for 2 turns
  8344 | D:9      | Paralysed by a floating eye for 2 turns
  8371 | D:9      | Reached skill level 10 in Shields
  8585 | D:10     | Entered Level 10 of the Dungeon
  8708 | D:10     | Noticed Erolcha
  8715 | D:10     | Killed Erolcha
  8715 | D:10     | Reached skill level 11 in Maces & Flails
  8715 | D:10     | Reached skill level 5 in Dodging
  8962 | D:10     | Noticed a hill giant
  8979 | D:10     | Killed a hill giant
  9094 | D:10     | Found a sparkling altar of Nemelex Xobeh.
  9191 | D:10     | Found a flagged portal.
  9200 | Bailey   | Entered a bailey
  9460 | D:10     | Killed an unseen horror
  9498 | D:10     | Noticed a green ugly thing
  9512 | D:10     | Killed a green ugly thing
  9549 | D:10     | Found Nusuinou's Armour Shoppe.
  9722 | D:10     | Noticed a hill giant
  9729 | D:10     | Killed a hill giant
  9846 | D:11     | Noticed a hill giant
  9861 | D:11     | Killed a hill giant
  9891 | D:11     | Found a staircase to the Lair.
  9922 | D:11     | Reached XP level 12. HP: 73/73 MP: 12/12
  9975 | D:11     | Found a staircase to the Orcish Mines.
 10004 | D:11     | Got a clouded gossamer ring
 10009 | D:11     | Identified the ring "Bam Yriewa" {MR+ MP+9 Dex+2} (You took it off an orc warrior on level 11 of the Dungeon)
 10099 | D:11     | Found Oroschuxa's Antique Armour Shop.
 10340 | D:11     | Reached skill level 12 in Maces & Flails
 10575 | Lair:1   | Entered Level 1 of the Lair of Beasts
 11585 | Lair:2   | Noticed a five-headed hydra
 11606 | Lair:2   | Killed a five-headed hydra
 11836 | Lair:2   | Found a staircase to the Swamp.
 12364 | Lair:3   | Reached XP level 13. HP: 80/80 MP: 13/13
 12419 | Lair:3   | Reached skill level 13 in Maces & Flails
 12758 | Lair:3   | Found a hole to the Spider Nest.
 13825 | Lair:4   | You fall through a shaft for 2 floors!
 13825 | Lair:6   | Entered Level 6 of the Lair of Beasts
 13902 | Lair:6   | Noticed Nessos
 13923 | Lair:6   | Killed Nessos
 13923 | Lair:6   | Reached skill level 5 in Stealth
 13993 | Lair:6   | Noticed Snorg
 14006 | Lair:6   | HP: 4/120 [yak[a torpor snail] (7)]
 14007 | Lair:6   | Killed Snorg
 14012 | Lair:6   | HP: 2/120 [crocodile (3)]
 14435 | Temple   | Entered the Ecumenical Temple
 14468 | Temple   | Became a worshipper of Warmaster Okawaru
 15255 | Lair:5   | Found a staircase to the Slime Pits.
 15453 | Lair:5   | Reached * piety under Okawaru
 15804 | Lair:6   | Reached ** piety under Okawaru
 15804 | Lair:6   | Reached skill level 10 in Fighting
 15841 | Lair:6   | Reached skill level 14 in Maces & Flails
 15877 | Lair:6   | Reached *** piety under Okawaru
 15883 | Lair:6   | Mutation became permanent: Your large and strong wings let you fly indefinitely. [Gargoyle growth]
 15883 | Lair:6   | Reached XP level 14. HP: 80/88 MP: 14/14
 16170 | Lair:6   | Reached **** piety under Okawaru
 16633 | Lair:6   | Reached ***** piety under Okawaru
 16701 | Lair:6   | Noticed a dire elephant
 16732 | Lair:6   | Killed a dire elephant
 16732 | Lair:6   | Received a gift from Okawaru
 17683 | D:12     | Found a shattered altar of Ashenzari.
 18374 | D:12     | Reached skill level 15 in Maces & Flails
 18580 | D:13     | Reached XP level 15. HP: 92/94 MP: 15/15
 18586 | D:13     | Reached ****** piety under Okawaru
 18594 | D:13     | HP: 3/94 [death knight/halberd of flaming (11)]
 18594 | D:13     | Slain by a death knight

Skill      XL: |  1  2  3  4  5  6  7  8  9 10 11 12 13 14 |
---------------+-------------------------------------------+-----
Shields        | 4 5 6 8 9 11 13 14 | 14.1
Maces & Flails | 3 4 5 6 7 9 10 11 12 14 15 | 15.0
Fighting       | 4 5 6 7 8 9 10 11 | 11.0
Dodging        | 1 2 3 4 5 6 7 8 |  8.2
Armour         | 4 5 6 7 8 |  8.5
Stealth        | 1 2 4 5 7 |  7.8
Evocations     | |  0.5

Action                   |  1- 3 |  4- 6 |  7- 9 | 10-12 | 13-15 || total
-------------------------+-------+-------+-------+-------+-------++-------
Melee: Flail             |   161 |   219 |   587 |   776 |   598 ||  2341
       Eveningstar       |       |       |       |       |   265 ||   265
 Abil: Evoke Berserk Rag |       |       |     1 |     1 |       ||     2
Evoke: Wand              |       |       |       |       |     1 ||     1
  Use: Scroll            |     8 |     2 |     6 |    13 |     8 ||    37
       Potion            |     2 |     3 |     5 |     3 |       ||    13
 Stab: Sleeping          |       |       |     2 |     7 |     7 ||    16
       Petrified         |       |       |       |       |    18 ||    18
       Petrifying        |       |       |       |       |     4 ||     4
       Distracted        |       |       |       |       |     3 ||     3
  Eat: Chunk             |       |     4 |    12 |    22 |    19 ||    57
       Meat ration       |       |       |     1 |       |       ||     1
       Royal jelly       |       |       |       |       |     1 ||     1
Armor: Scale mail        |   121 |   114 |   187 |       |       ||   422
       Swamp dragon scal |       |       |   147 |   344 |   342 ||   833
Dodge: Dodged            |    74 |    72 |   265 |   586 |   583 ||  1580
Block: Shield            |   111 |   108 |   393 |   580 |   586 ||  1778
